 Dungeon Crawl Stone Soup version 0.17-a0-1255-gd996e2d (console) character file.

42 Monkaria the Skirmisher (level 3, -3/30 HPs)
             Began as a Demonspawn Chaos Knight on June 6, 2015.
             Slain by a river rat (12 damage)
             ... on level 3 of the Dungeon.
             The game lasted 00:02:03 (1535 turns).

Monkaria the Skirmisher (Demonspawn Chaos Knight)   Turns: 1535, Time: 00:02:03

Health: -3/30      AC:  6    Str: 13    XL:     3   Next: 33%
Magic:  3/3        EV:  8    Int: 13    God:    Xom [.*....]
Gold:   109        SH:  0    Dex: 12    Spells: 0 memorised, 2 levels left

rFire  . . .     SeeInvis .     a - +0 falchion (chaos)
rCold  . . .     Clarity  .     b - +3 leather armour
rNeg   . . .     SustAt   .     (no shield)
rPois  .         Gourm    .     (no helmet)
rElec  .         Spirit   .     (no cloak)
rCorr  .         Warding  .     (no gloves)
rMut   .         Stasis   .     (no boots)
MR     .....                    (no amulet)
Stlth  +.........               (no ring)
                                o - ring of teleport control

@: constricted, not resistant to hostile enchantments, very unstealthy
A: powered by death 1
a: Renounce Religion, Evoke Teleport Control


You were on level 3 of the Dungeon.
You worshipped Xom.
You were a plaything of Xom.
You were very hungry.

You visited 1 branch of the dungeon, and saw 3 of its levels.

You collected 109 gold pieces.

Inventory:

Hand weapons
 a - a +0 falchion of chaos (weapon)
Armour
 b - a +3 leather armour (worn)
Jewellery
 o - a ring of teleport control (left hand)
Scrolls
 e - a scroll of identify
 i - 2 scrolls of fear
Potions
 d - a potion of resistance
 f - a potion of degeneration
 j - a potion of heal wounds
 k - a potion of ambrosia
 n - 2 potions of flight
 r - a potion of curing
Comestibles
 c - 2 bread rations
 g - a beef jerky
 h - 4 fruits
 s - a meat ration


   Skills:
 - Level 4.0 Fighting
 + Level 3.1 Long Blades
 - Level 1.7 Armour
 - Level 0.8 Dodging


You had 2 spell levels left.
You didn't know any spells.

Dungeon Overview and Level Annotations

Branches:
Dungeon (3/15)

Altars:

Portals:
Sewer: D:3


Innate Abilities, Weirdness & Mutations

You regenerate a little health from kills.


Message History

The rat barely misses you.
The ball python bites you but does no damage.
The ball python constricts you. The river rat bites you.
You emit a cloud of colourful smoke!
The rat bites you.
You hit the river rat but do no damage. The river rat bites you!
The ball python bites you. The ball python constricts you.
The river rat bites you. The ball python barely misses you.
* * * LOW HITPOINT WARNING * * *
The ball python constricts you. The rat bites you but does no damage.
You hit the river rat.
The river rat is lightly wounded.
The river rat bites you but does no damage.
The ball python barely misses you. The ball python constricts you.
The river rat completely misses you. The rat closely misses you.
You closely miss the river rat.
The river rat is lightly wounded.
The ball python bites you but does no damage.
The ball python constricts you. The river rat bites you!
You die...

#...# ##...##
#8...8#
##...## #...#
##...## ####
#8...8# ....≈
##..§##...≈≈≈
#..§@rw.≈≈≈≈
#....§rS.≈≈≈≈≈
#########≈≈≈≈∩
####


You could see a worm, a river rat (berserk), a ball python and a rat.

Vanquished Creatures
  A worm (D:2)
  3 giant geckos
  A ball python (D:2)
  A giant cockroach (D:2)
  6 hobgoblins
  4 bats
  3 giant newts
  4 goblins
  6 kobolds
  5 rats
34 creatures vanquished.

Notes
Turn   | Place    | Note
--------------------------------------------------------------
     0 | D:1      | Monkaria the Demonspawn Chaos Knight began the quest for the Orb.
     0 | D:1      | Reached XP level 1. HP: 18/18 MP: 1/1
   219 | D:1      | XOM: divination: detect creatures
   271 | D:1      | Gained mutation: You regenerate a little health from kills. [demonic ancestry]
   271 | D:1      | Reached XP level 2. HP: 22/24 MP: 2/2
   563 | D:1      | XOM: mild Divn miscast
   727 | D:2      | Reached skill level 4 in Fighting
   760 | D:2      | XOM: butterfly on damage
   810 | D:2      | XOM: vitrification
   859 | D:2      | Reached XP level 3. HP: 27/30 MP: 3/3
  1109 | D:2      | XOM: silly message
  1520 | D:3      | Found a glowing drain.
  1524 | D:3      | XOM: polymorph giant cockroach -> river rat
  1532 | D:3      | XOM: smoke on damage
  1535 | D:3      | Slain by a river rat

Vault maps used:
D:1:      minmay_arrival_nine_rooms
D:2:      minmay_misc_feat_secret_circle
D:3:      old_standard_altar, serial_corexii_hall, corexii_hall_statues_i,
          corexii_hall_statues_l, corexii_hall_statues_deadend,
          corexii_hall_statues_i, portal_sewer_entry_b

Action                   || total
-------------------------++-------
Melee: Falchion          ||   112
  Use: Scroll            ||    11
  Eat: Chunk             ||     1
